 Dungeon Crawl Stone Soup version 0.30-a0-728-gc68057be0a (webtiles) character file.

Game seed: 12647883835629336508

729007 Bnni the Slayer (level 27, 0/288 HPs)
             Began as an Ogre Gladiator on Jan 30, 2023.
             Was the Champion of the Shining One.
             Slain by a quicksilver dragon simulacrum (1 damage)
             ... on level 3 of Cocytus on Jan 31, 2023.
             The game lasted 05:09:47 (92593 turns).

Bnni the Slayer (Ogre Gladiator)                   Turns: 92593, Time: 05:09:47

Health: 0/288      AC: 34    Str: 29 (32) XL:     27
Magic:  39/39      EV:  7    Int: 16      God:    the Shining One [******]
Gold:   6663       SH: 21    Dex: 10      Spells: 13/36 levels left

rFire   + + .      SeeInvis .    a - +9 giant spiked club (holy)
rCold   + + .      Faith    .    (shield currently unavailable)
rNeg    + + +      Spirit   .    w - +6 gold dragon scales
rPois   +          Reflect  +    j - +0 hat {Int+3}
rElec   +          Harm     .    r - +2 cloak
rCorr   .          Rampage  .    (gloves unavailable)
Will    ++...                    (boots unavailable) Stlth
                                 B - amulet of reflection
HPRegen 0.68/turn                R - ring of Farufu {Wiz rElec rC+}
MPRegen 0.26/turn                T - ring of the Tortoise {AC+8}

@: divinely shielded, marked, engulfed (cannot breathe), glowing, studying 2
skills, unable to drink
A: large, unfitting armour, tough skin 1, hooves 1, deformed body, fire
resistance 1, frail 1
}: 6/15 runes: decaying, serpentine, slimy, silver, bone, abyssal
a: Renounce Religion, Divine Shield, Cleansing Flame, Summon Divine Warrior


You were on level 3 of Cocytus.
You worshipped the Shining One.
The Shining One was exalted by your worship.
You visited 14 branches of the dungeon, and saw 62 of its levels.
You visited the Abyss 2 times.
You also visited: Gauntlet, Ice Cave and Wizlab.

You collected 8666 gold pieces.
You spent 2003 gold pieces at shops.

Inventory:

Hand Weapons
 a - a +9 giant spiked club of holy wrath (weapon)
 b - the +8 demon trident "Rift" {distort, reach+}
   (You found it on level 7 of Tartarus)

   The Shining One disapproves of the use of such an item.
 i - the +0 great mace of the Smoking Dragonfly {speed, Str+3 Dex+3}
   (You took it off a two-headed ogre on level 8 of the Dungeon)

   Str:       It affects your strength (+3).
   Dex:       It affects your dexterity (+3).
 K - a +3 heavy great mace
Missiles
 d - a throwing net
 v - 5 datura-tipped darts
 C - 155 large rocks (quivered)
 N - 3 boomerangs of dispersal
 Z - 5 silver javelins
Armour
 j - a +0 hat of intelligence (worn)
 r - a +2 cloak (worn)
 w - +6 gold dragon scales (worn)
Jewellery
 c - a ring of flight
 m - the ring "Veawkoh" {rF++ MP+9 Dex+4}
   (You found it in a Gauntlet)

   [ring of magical power]

   Dex:       It affects your dexterity (+4).
   rF:        It greatly protects you from fire.
   MP:        It affects your magic capacity (+9).
 B - an amulet of reflection (around neck)
 L - the ring of Jozinia {rPois Will+ rCorr Int-3}
   (You found it on level 3 of the Crypt)

   [ring of willpower]

   Int:       It affects your intelligence (-3).
   rPois:     It protects you from poison.
   rCorr:     It protects you from acid and corrosion.
   Will:      It increases your willpower.
 R - the ring of Farufu (left hand) {Wiz rElec rC+}
   (You found it on level 3 of the Elven Halls)

   [ring of wizardry]

   It improves your spell success rate.
   rC:        It protects you from cold.
   rElec:     It insulates you from electricity.
 T - the ring of the Tortoise (right hand) {AC+8}
   (You found it on level 3 of the Elven Halls)

   [ring of protection]

   AC:        It affects your AC (+8).
 V - the ring "Ovujist" {rF++ rN+ EV+5}
   (You found it in a Gauntlet)

   [ring of evasion]

   EV:        It affects your evasion (+5).
   rF:        It greatly protects you from fire.
   rN:        It protects you from negative energy.
Wands
 e - a wand of digging (17)
 t - a wand of roots (21)
 y - a wand of light (56)
 O - a wand of mindburst (30)
Scrolls
 f - 18 scrolls of vulnerability
 g - 3 scrolls of summoning
 k - 7 scrolls of blinking
 p - 17 scrolls of poison
 x - 24 scrolls of teleportation
 G - 6 scrolls of amnesia
 I - 12 scrolls of fog
 Q - a scroll of silence
 S - 7 scrolls of immolation
 W - 6 scrolls of magic mapping
 X - 3 scrolls of fear
Potions
 l - 17 potions of lignification
 n - 20 potions of mutation
 o - 2 potions of might
 q - 10 potions of heal wounds
 u - 24 potions of curing
 z - 3 potions of haste
 A - 10 potions of attraction
 E - 7 potions of berserk rage
 H - 3 potions of resistance
 M - a potion of ambrosia
 P - 2 potions of magic
Miscellaneous
 s - a phial of floods
 Y - a phantom mirror


   Skills:
 - Level 26.9 Fighting
 - Level 22.0 Maces & Flails
 - Level 20.0 Throwing
 * Level 18.2 Armour
 - Level 10.0 Dodging
 - Level 5.0 Spellcasting
 - Level 3.0 Hexes
 - Level 15.0 Translocations
 - Level 8.0 Transmutations
 - Level 6.0 Air Magic
 + Level 25.3 Invocations


You had 13 spell levels left.
You knew the following spells:

 Your Spells              Type           Power      Damage    Failure   Level
a - Portal Projectile     Hex/Tloc       64%        N/A       6%          3
b - Blink                 Tloc           100%       N/A       1%          2
c - Lesser Beckoning      Tloc           100%       N/A       1%          2
d - Vhi's Electric Charg  Tloc/Air       74%        N/A       3%          3
e - Passage of Golubria   Tloc           51%        N/A       1%          4
f - Manifold Assault      Tloc           51%        N/A       1%          4
s - Swiftness             Air            23%        N/A       19%         3
w - Wereblood             Tmut           29%        N/A       4%          2

Your spell library contained the following spells:

 Spells                   Type           Power      Damage    Failure   Level
 Gell's Gravitas          Tloc           51%        N/A       1%          3
 Teleport Other           Tloc           51%        N/A       1%          3
 Beastly Appendage        Tmut           58%        N/A       2%          1
 Momentum Strike          Conj/Tloc      56%        3d9       5%          2
 Kindle Blastsparks       Fire/Tloc/Air  52%        2d14      13%         3
 Shock                    Conj/Air       52%        1d6       22%         1
 Slow                     Hex            52%        N/A       22%         1
 Passwall                 Tmut/Erth      13%        N/A       22%         2
 Static Discharge         Conj/Air       26%        2-4/arc   32%         2
 Iskenderun's Mystic Bla  Conj/Tloc      28%        2d7       32%         4
 Spider Form              Tmut/Pois      16%        N/A       38%         3
 Confusing Touch          Hex            13%        N/A       52%         3
 Airstrike                Air            11%        2d(2-18)  52%         4
 Freeze                   Ice            16%        1d4       56%         1
 Kiss of Death            Conj/Necr      16%        2d6       56%         1
 Magic Dart               Conj           16%        1d3       56%         1
 Necrotise                Necr           16%        1d4       56%         1
 Sandblast                Erth           8%         2d5       56%         1
 Ignite Poison            Fire/Tmut/Pois 12%        N/A       58%         3
 Blade Hands              Tmut           14%        N/A       58%         5
 Mephitic Cloud           Conj/Pois/Air  10%        N/A       65%         3
 Summon Forest            Summ/Tloc      14%        N/A       65%         5
 Searing Ray              Conj           8%         2d4       71%         2
 Dazzling Flash           Conj/Hex       16%        N/A       73%         3
 Summon Guardian Golem    Hex/Summ       8%         N/A       73%         3
 Ice Form                 Ice/Tmut       16%        N/A       78%         4
 Call Canine Familiar     Summ           4%         N/A       89%         3
 Frozen Ramparts          Ice            8%         1d2       89%         3
 Hailstorm                Conj/Ice       4%         3d4       89%         3
 Ozocubu's Armour         Ice            4%         N/A       89%         3
 Stone Arrow              Conj/Erth      8%         3d7       89%         3
 Vampiric Draining        Necr           4%         2d6       89%         3
 Summon Lightning Spire   Summ/Air       13%        N/A       89%         4
 Yara's Violent Unravell  Hex/Tmut       10%        3d6       89%         5
 Silence                  Hex/Air        9%         N/A       96%         5
 Anguish                  Hex/Necr       4%         N/A       98%         4
 Fulminant Prism          Conj/Hex       4%         3d5       98%         4
 Leda's Liquefaction      Hex/Erth       4%         N/A       98%         4
 Alistair's Intoxication  Tmut/Pois      10%        N/A       98%         5
 Irradiate                Conj/Tmut      8%         3d14      98%         5
 Animate Armour           Summ/Erth      8%         N/A       99%         4
 Dispel Undead            Necr           4%         3d7       99%         4
 Summon Ice Beast         Ice/Summ       4%         N/A       99%         4
 Arcjolt                  Conj/Air       6%         1d16      99%         5
 Lightning Bolt           Conj/Air       6%         1d18      99%         5
 Borgnjor's Vile Clutch   Necr/Erth      2%         N/A       100%        5
 Freezing Cloud           Conj/Ice/Air   5%         6-21      100%        5
 Lee's Rapid Deconstruct  Erth           2%         3d4*      100%        5
 Metabolic Englaciation   Hex/Ice        4%         N/A       100%        5
 Summon Mana Viper        Hex/Summ       8%         N/A       100%        5
 Eringya's Noxious Bog    Tmut/Pois      8%         N/A       100%        6
 Iron Shot                Conj/Erth      2%         9d2       100%        6
 Simulacrum               Ice/Necr       2%         N/A       100%        6
 Statue Form              Tmut/Erth      10%        N/A       100%        6
 Summon Cactus Giant      Summ           2%         N/A       100%        6
 Dragon Form              Tmut           14%        N/A       100%        7
 Enfeeble                 Hex            6%         N/A       100%        7
 Haunt                    Necr/Summ      2%         N/A       100%        7
 Malign Gateway           Summ/Tloc      14%        N/A       100%        7
 Monstrous Menagerie      Summ           2%         N/A       100%        7
 Orb of Destruction       Conj           2%         9d5       100%        7
 Ozocubu's Refrigeration  Ice            2%         4d7       100%        7
 Spellforged Servitor     Conj/Summ      2%         N/A       100%        7
 Storm Form               Tmut/Air       13%        N/A       100%        7
 Borgnjor's Revivificati  Necr           2%         N/A       100%        8
 Disjunction              Tloc           25%        N/A       100%        8
 Infestation              Necr           2%         N/A       100%        8
 Lehudib's Crystal Spear  Conj/Erth      2%         10d2      100%        8
 Maxwell's Capacitive Co  Air            11%        ∞         100%        8
 Necromutation            Tmut/Necr      8%         N/A       100%        8
 Chain Lightning          Conj/Air       6%         3d8       100%        9
 Death's Door             Necr           2%         N/A       100%        9
 Polar Vortex             Ice            2%         N/A       100%        9


Dungeon Overview and Level Annotations

Branches:
Dungeon (15/15)            Temple (1/1) D:5            Lair (5/5) D:8
  Swamp (4/4) Lair:3        Snake (4/4) Lair:3        Slime (5/5) Lair:5
    Orc (2/2) D:9             Elf (3/3) Orc:2        Vaults (5/5) D:13
  Crypt (3/3) Vaults:2       Tomb (0/3) Crypt:3      Depths (4/4) D:15
   Hell (visited)             Dis (0/7) Hell            Geh (0/7) Hell
    Coc (3/7) Hell            Tar (7/7) Hell            Zot (0/5) Depths:4
  IceCv (visited)          WizLab (visited)         Gauntlet (visited)

Altars:
Ashenzari
Cheibriados
Dithmenos
Elyvilon
Fedhas
Gozag
Hepliaklqana
Kikubaaqudgha
Makhleb
Nemelex Xobeh
Okawaru
Qazlal
Ru
Sif Muna
Trog
Uskayaw
Vehumet
Wu Jian
Xom
Yredelemnul
Zin
The Shining One

Shops:
D:9 *   D:11 !   D:15 =?   Orc:1 !   Orc:2 :**   Elf:1 ((   Elf:2 ?   Snake:2 *
Snake:4 =:=   Vaults:1 !(   Vaults:3 *:([   Depths:4 [

Portals:
Hell: Depths:1 Depths:2 Depths:3 Depths:4
Abyss: Depths:1 Depths:2 Depths:3
Pandemonium: Orc:2 Depths:1 Depths:2 Depths:4
Ziggurat: Depths:1


Innate Abilities, Weirdness & Mutations

You are too large for most types of armour.
You have tough skin. (AC +1)
You have large cloven feet.
Armour fits poorly on your strangely shaped body.
Your flesh is heat resistant. (rF+)
You are frail. (-10% HP)


Message History

The quicksilver dragon simulacrum is almost destroyed.
* * * LOW HITPOINT WARNING * * *
The wave splashes down.
The water elemental hits you. x2
The quicksilver dragon simulacrum bites you but does no damage.
The quicksilver dragon simulacrum claws you but does no damage.
The harpy simulacrum claws you but does no damage.
The harpy simulacrum claws you. The harpy simulacrum freezes you. You resist.
* * * LOW HITPOINT WARNING * * *
You turn to flesh and can move again.
You cannot read scrolls while unable to breathe!
Okay, then.
Okay, then.
You hit the water elemental. You kick the water elemental.
The water elemental is heavily damaged.
* * * LOW HITPOINT WARNING * * *
Your lungs strain for air!
You block the harpy simulacrum's attack.
The harpy simulacrum claws you but does no damage.
The nargun splashes around in the water.
The nargun bites you but does no damage.
A torrent of water rises up through the elemental wellspring!
The torrent of water reflects off an invisible shield around you!
The torrent of water passes through the water elemental.
The torrent of water hits the elemental wellspring!!
The wave splashes down.
A torrent of water rises up through the elemental wellspring!
The torrent of water passes through the water elemental.
The torrent of water hits you!
* * * LOW HITPOINT WARNING * * *
You are knocked back by the torrent of water.
You collide with the Ice Fiend!
The Ice Fiend is moderately wounded.
* * * LOW HITPOINT WARNING * * *
The wave splashes down.
The Ice Fiend claws you but does no damage.
You block the Ice Fiend's attack. The nargun hits you but does no damage.
The nargun splashes around in the water.
The quicksilver dragon simulacrum barely misses you.
The quicksilver dragon simulacrum claws you.
You die...

≈≈≈≈≈≈ ≈≈.≈≈≈≈
≈^...≈≈####
..^..^≈≈≈≈######
.......≈≈≈≈≈≈≈≈≈
....≈≈.EE..≈≈≈≈≈
...≈≈≈≈991.≈≈≈≈≈
..≈≈≈≈EZ@≈≈≈≈≈≈≈
.≈≈≈≈≈EZEEE≈≈≈≈≈
.≈≈≈≈ZZEZ≈≈≈≈≈≈≈
≈≈≈≈≈≈≈Z~≈≈≈≈≈≈#
≈≈≈≈###≈.≈≈.≈≈##
.≈≈ #≈.^..≈≈# .≈
#≈...≈≈≈# .
#≈..≈≈≈≈#
#≈~.≈≈≈≈#


You could see an Ice Fiend, 2 elemental wellsprings, 2 narguns, 6 water
elementals, a quicksilver dragon simulacrum, an iron dragon simulacrum, a harpy
simulacrum, an ettin simulacrum and 2 caustic shrike simulacra.

Vanquished Creatures
  Dissolution (Slime:2)
  the Royal Jelly (Slime:5)
  Ereshkigal (Tar:7)
  3 dread liches
  4 ancient liches (Vaults:5)
  Khufu (Crypt:3)
  Mara (Vaults:3)
  A juggernaut (Depths:3)
  4 royal mummies
  Frederick (Depths:3)
  Xtahua (Crypt:2)
  Saint Roka (Crypt:3)
  4 caustic shrikes (Depths:4)
  A golden dragon (Depths:4)
  22 profane servitors
  Nikola (Swamp:1)
  the Enchantress (Depths:1)
  10 doom hounds
  A mutant beast (WizLab)
  20 bone dragons
  A Brimstone Fiend (Crypt:2)
  A shard shrike zombie (Crypt:3)
  12 Tzitzimimeh
  3 Ice Fiends
  Rupert (Snake:1)
  A spectral shard shrike (Tar:5)
  4 tentacled monstrosities
  A walking crystal tome (Depths:2)
  Zenata (Crypt:1)
  2 walking earthen tomes
  3 walking divine tomes
  9 liches
  3 deep elf blademasters (Elf:3)
  21 tainted leviathans
  7 titans
  2 deep elf master archers (Elf:3)
  21 acid blobs
  9 sphinxes
  7 tengu reavers
  2 tentacled starspawn
  3 ancient champions
  A shadow dragon (Depths:3)
  Donald (Vaults:2)
  Kirke (Lair:5)
  5 nagarajas
  4 revenants
  4 storm dragons
  6 azure jellies
  5 rockslimes
  An azure jelly (shapeshifter) (Vaults:5)
  A fenstrider witch (Swamp:3)
  8 fire giants
  A draconian knight (IceCv)
  8 deep elf sorcerers
  A balrug (Depths:2)
  Aizul (Snake:2)
  14 frost giants
  18 ironbound preservers
  2 draconian scorchers (Depths:4)
  5 iron dragons
  19 vault wardens
  A spectral caustic shrike (Tar:6)
  Louise (Elf:3)
  9 deep elf elementalists (Elf:3)
  5 curse skulls
  A juggernaut zombie (Abyss:2)
  4 ghouls
  9 quicksilver oozes
  The ghost of Ziketel the Grappler, a journeyman TrMo of Hepliaklqana (D:15)
  10 stone giants
  9 spriggan defenders
  13 reapers
  3 spectral juggernauts
  7 war gargoyles
  35 very ugly things
  7 ironbound thunderhulks
  6 vampire knights
  5 deep elf demonologists
  3 dire elephants
  5 eleionomae
  21 putrid mouths
  7 white draconians
  An elemental wellspring (Coc:2)
  A red draconian (Depths:3)
  2 black draconians
  5 bunyips
  2 green draconians (Depths:4)
  A purple draconian (Depths:4)
  A spectral titan (Tar:6)
  Azrael (D:15)
  A minotaur (Gauntlet)
  A yellow draconian (Depths:4)
  9 deep elf annihilators
  2 blizzard demons
  13 spark wasps
  9 eidola
  Snorg (D:12)
  A merfolk javelineer (Abyss:3)
  A spectral golden dragon (Tar:3)
  6 ettins
  Josephine (Lair:4)
  8 jiangshi
  A spectral kraken (Tar:7)
  2 mummy priests (Crypt:2)
  9 deep elf death magi
  A kraken zombie (Hell)
  9 deep elf high priests
  9 fire dragons
  5 spectral spriggans
  5 entropy weavers
  28 vault guards
  2 entropy weavers (shapeshifter)
  10 great orbs of eyes
  13 yaktaur captains
  A rakshasa (Depths:3)
  5 salamander tyrants
  A spriggan zombie (Hell)
  A fenstrider witch zombie (Crypt:1)
  A peacekeeper (Vaults:3)
  2 ice dragons
  15 hydras
  Erolcha (D:9)
  A hell beast (Depths:3)
  Harold (D:10)
  2 catoblepae
  9 anacondas
  A juggernaut simulacrum (Coc:2)
  2 demonspawn (Orc:2)
  3 ogre magi (Vaults:5)
  7 alligators
  5 centaur warriors
  A spectral stone giant (Tar:2)
  4 deep troll shamans
  A satyr (Abyss:3)
  3 two-headed ogres
  9 spriggan air magi
  3 death knights
  6 boulder beetles
  5 ironbound frosthearts
  22 naga warriors
  24 dancing weapons
  17 death yaks
  8 hell hogs
  8 tengu warriors
  6 orc high priests
  A spectral dire elephant (Tar:1)
  11 spriggan berserkers
  12 deep troll earth magi
  5 spectral nagas
  9 vampire magi
  A titan zombie (Hell)
  5 thrashing horrors
  16 naga sharpshooters
  16 hell knights
  4 wretched stars
  15 deep elf knights
  Nergalle (D:10)
  12 shock serpents
  8 soul eaters
  11 sun demons
  The ghost of krgfvk the Covered, a novice MiFi of Okawaru (D:8)
  11 iron trolls
  8 spriggans
  4 fire crabs
  A fire crab (shapeshifter) (WizLab)
  11 skeletal warriors
  2 salamander mystics
  5 shadow wraiths
  2 sixfirhies
  An anaconda zombie (Hell)
  A death drake (shapeshifter) (WizLab)
  4 goliath frogs
  An iron giant zombie (Crypt:3)
  3 spriggan druids
  2 spectral anacondas
  2 quicksilver dragon simulacra (Coc:2)
  5 flayed ghosts
  A spark wasp zombie (Crypt:3)
  A glowing orange brain (shapeshifter) (Vaults:5)
  10 swamp dragons
  59 deep trolls
  16 bog bodies
  8 naga ritualists
  8 deep elf archers
  5 glowing orange brains
  10 harpies (Vaults:3)
  5 wizards
  A spectral iron dragon (Tar:1)
  6 lindwurms
  7 orc knights
  3 anaconda skeletons (Hell)
  19 deep elf zephyrmancers
  7 phantasmal warriors
  20 deep elf pyromancers
  A harpy (shapeshifter) (D:14)
  19 ironbound convokers
  An orange crystal statue (IceCv)
  15 starcursed masses
  6 necromancers
  4 will-o-the-wisps
  20 mana vipers
  3 shining eyes
  A cyclops (shapeshifter) (WizLab)
  2 oklob plants (Lair:5)
  A wolf spider (D:15)
  A mana viper (shapeshifter) (Depths:3)
  A spectral ice dragon (Tar:1)
  26 salamanders
  6 cyclopes
  11 orc sorcerers
  48 ugly things
  12 elephants
  3 worldbinders
  5 manticores
  35 black mambas
  2 apocalypse crabs (Abyss:3)
  A salamander (shapeshifter) (WizLab)
  2 demonic crawlers (D:14)
  A moth of wrath (shapeshifter) (Vaults:5)
  146 slime creatures
  2 ice statues
  3 rust devils (Hell)
  An eye of devastation (shapeshifter) (Vaults:1)
  A guardian serpent (shapeshifter) (WizLab)
  5 smoke demons
  27 naga magi
  2 molten gargoyles (D:11)
  5 guardian serpents
  5 storm dragon simulacra
  21 vault sentinels
  A death yak zombie (Crypt:1)
  4 orange demons
  3 cane toads (shapeshifter)
  4 eyes of devastation
  An alligator snapping turtle zombie (Crypt:3)
  2 gargoyles
  4 spectral swamp worms (Tar:7)
  A torpor snail (Lair:4)
  5 hellions
  Maggie (Lair:1)
  9 cane toads
  11 freezing wraiths
  3 unseen horrors
  3 kobold demonologists
  6 rime drakes
  2 efreet
  32 yaktaurs
  A bunyip simulacrum (Coc:2)
  5 ice devils (Hell)
  6 tengu conjurers
  2 yaktaurs (shapeshifter) (WizLab)
  31 guardian mummies
  9 komodo dragons
  2 yaktaur skeletons (Vaults:4)
  7 tormentors
  2 anaconda simulacra
  4 red devils
  A hydra zombie (Hell)
  A sea snake skeleton (Hell)
  A silent spectre (Tar:2)
  6 ancient zymes
  A bloated husk (Swamp:2)
  3 meliai (D:13)
  A meliai (shapeshifter) (WizLab)
  4 golden dragon simulacra (IceCv)
  6 trolls
  3 hellwings
  A polar bear (shapeshifter) (WizLab)
  3 spectral harpies
  A harpy zombie (Hell)
  2 burning bushes (Lair:5)
  A mana viper skeleton (Crypt:2)
  7 tyrant leeches
  A hornet (shapeshifter) (WizLab)
  Grinder (D:5)
  A tarantella (shapeshifter) (Depths:4)
  6 hornets
  2 hydra skeletons (Hell)
  4 polar bears
  8 raiju (Abyss:3)
  A wind drake (shapeshifter) (WizLab)
  7 dream sheep (Lair:4)
  A tarantella zombie (Crypt:1)
  4 blink frogs (Lair:3)
  A culicivora zombie (Crypt:2)
  A jumping spider (shapeshifter) (WizLab)
  Sigmund (D:4)
  3 vampires
  10 water elementals
  An air elemental (Elf:1)
  A culicivora (Vaults:3)
  A shadow (D:10)
  62 yaks
  A ynoxinul (Orc:2)
  9 flying skulls
  2 spriggans (shapeshifter) (WizLab)
  4 wyverns
  17 golden eyes
  8 ushabtiu (Crypt:3)
  2 humans (shapeshifter) (WizLab)
  14 wraiths
  6 fire elementals
  3 yaks (shapeshifter) (WizLab)
  An alligator snapping turtle simulacrum (Coc:1)
  3 hogs (Lair:5)
  A dire elephant simulacrum (Coc:2)
  3 hogs (shapeshifter) (WizLab)
  An elf skeleton (Vaults:4)
  17 large abominations
  A basilisk (shapeshifter) (WizLab)
  Eustachio (D:4)
  3 basilisks
  8 fire bats
  9 redbacks
  4 chaos spawn
  A neqoxec (Depths:2)
  Grum (D:8)
  An iron golem (WizLab)
  4 steam dragons
  3 wargs
  44 nagas
  23 vampire mosquitoes
  2 harpy simulacra
  19 swamp worms
  4 hell hounds
  5 acid dragons
  An acid dragon (shapeshifter) (Depths:3)
  A deep troll skeleton (Crypt:3)
  13 water moccasins
  A merfolk skeleton (Crypt:3)
  A cane toad zombie (Crypt:3)
  A demonspawn skeleton (Abyss:2)
  A hydra simulacrum (Coc:2)
  6 floating eyes
  An ice beast (shapeshifter) (WizLab)
  6 black bears
  The ghost of chipmonk the Chopper, an amateur MiBe of Trog (D:3)
  A cane toad skeleton (Crypt:1)
  14 swamp drakes
  3 ice dragon simulacra (IceCv)
  31 orc warriors
  2 ettin simulacra (Coc:1)
  2 ice beasts (D:7)
  8 ogres
  An ogre (shapeshifter) (Elf:1)
  26 wolves
  2 phantoms
  3 centaurs (D:13)
  4 kobold brigands
  2 earth elementals
  5 bullfrogs
  4 necrophages
  3 scorpions
  3 gnoll sergeants (D:9)
  A cyclops zombie (Crypt:2)
  13 small abominations
  19 wights
  10 lindwurm simulacra (IceCv)
  8 killer bees (D:9)
  4 howler monkeys
  An electric eel (Elf:3)
  A troll skeleton (Crypt:2)
  5 crimson imps
  A lava snake (D:11)
  4 hounds
  5 quasits
  2 wolf skeletons
  22 orc priests
  A bullfrog zombie (Crypt:1)
  3 human zombies
  2 jellies (D:6)
  Crazy Yiuf (D:3)
  A black bear skeleton (Crypt:2)
  5 iron imps (D:14)
  3 human skeletons
  A gnoll bouda (Orc:2)
  2 iguanas
  Ijyb (D:4)
  12 orc wizards
  7 hell rats (Lair:1)
  An ogre zombie (Crypt:3)
  A naga zombie (Crypt:1)
  18 mummies
  Robin (D:3)
  11 gnolls
  2 river rats (D:14)
  5 adders
  A river rat (shapeshifter) (Depths:3)
  5 shadow imps (D:14)
  A white imp (D:14)
  An ufetubus (D:14)
  5 dart slugs
  61 orcs
  8 bats
  7 endoplasms
  6 giant cockroaches
  9 goblins
  7 hobgoblins
  6 quokkas
  2 ball pythons
  A ball python zombie (Crypt:2)
  A frilled lizard (D:2)
  A goblin skeleton (Crypt:1)
  A hobgoblin skeleton (Crypt:1)
  17 kobolds
  A quokka skeleton (Crypt:1)
  A rat (D:2)
  A spectral kobold (D:9)
  4 fire vortices (Hell)
  A lurking horror (Abyss:3)
  2 starspawn tentacles
  3 tentacles (Hell)
2639 creatures vanquished.

Vanquished Creatures (collateral kills)
  the Serpent of Hell (Tar:7)
  A royal mummy (Crypt:3)
  Bai Suzhen (Crypt:3)
  Geryon (Hell)
  A caustic shrike (Depths:4)
  2 bone dragons
  4 profane servitors (Tar:7)
  5 Tzitzimimeh
  A doom hound (Tar:6)
  5 tainted leviathans
  A sphinx (Crypt:3)
  An acid blob (Slime:5)
  A shadow dragon (Vaults:5)
  An azure jelly (Slime:5)
  A frost giant (Depths:1)
  A fire giant (Depths:1)
  A balrug (Hell)
  A curse skull (Coc:1)
  A reaper (Hell)
  10 putrid mouths
  2 deep elf death magi (Crypt:3)
  A green death (Hell)
  A fire dragon (Swamp:4)
  A mummy priest (Crypt:3)
  A spectral kraken (Tar:7)
  A spectral spriggan (Tar:2)
  A spriggan skeleton (Hell)
  2 alligators (Swamp:4)
  A naga sharpshooter (Snake:2)
  2 shock serpents (Snake:2)
  A soul eater (Hell)
  A hell knight (Hell)
  2 sun demons (Hell)
  A shadow wraith (Tar:4)
  2 skeletal warriors (Crypt:3)
  A bog body (Crypt:2)
  A naga ritualist (Snake:2)
  A necromancer (Hell)
  2 deep elf pyromancers (D:15)
  3 black mambas (Snake:2)
  A titan simulacrum (Coc:1)
  A vault sentinel (Vaults:5)
  2 rust devils (Hell)
  3 spectral swamp worms (Tar:7)
  A black draconian zombie (Crypt:2)
  4 guardian mummies (Crypt:3)
  2 ice devils (Hell)
  2 flying skulls (Crypt:2)
  A guardian serpent skeleton (Crypt:1)
  6 slime creatures (Slime:1)
  A centaur simulacrum (D:15)
  A large abomination (WizLab)
  An ice dragon skeleton (Crypt:3)
  3 ushabtiu (Crypt:3)
  A fire bat (Swamp:4)
  2 fire elementals (D:15)
  A vampire mosquito (D:15)
  A swamp worm (Swamp:4)
  2 hell hounds (Hell)
  A hydra simulacrum (Hell)
  An ice dragon simulacrum (Coc:1)
  A mummy (Crypt:3)
  A lava snake skeleton (Crypt:3)
  A fire vortex (Hell)
110 creatures vanquished.

Vanquished Creatures (others)
  A Tzitzimitl (Hell)
  A hydra (Swamp:4)
  2 hell knights (Hell)
  A deep elf zephyrmancer (Elf:2)
  A bloated husk (Swamp:1)
  2 raiju (Abyss:3)
  A human (Lair:5)
  A swamp drake (Swamp:4)
  An orc warrior (Orc:2)
  An orc (Elf:2)
  5 bushes (Lair:5)
  A creeping inferno (Hell)
  2 demonic plants (Gauntlet)
  6 foxfires (Swamp:2)
  15 fungi
  A lurking horror (Abyss:3)
  18 plants
  5 starspawn tentacles
  7 tentacles
  12 withered plants (Crypt:2)
84 creatures vanquished.

Grand Total: 2833 creatures vanquished

Notes
Turn   | Place    | Note
-------+----------+-------------------------------------------
     0 | D:1      | Bnni the Ogre Gladiator began the quest for the Orb.
     0 | D:1      | Reached XP level 1. HP: 22/22 MP: 1/1
    55 | D:1      | Reached skill level 3 in Fighting
    88 | D:1      | Reached XP level 2. HP: 30/31 MP: 2/2
   867 | D:2      | Reached XP level 3. HP: 37/37 MP: 3/3
  1042 | D:2      | Identified the amulet "Babu" {Spirit *Corrode +Blink Int+8}
  1442 | D:3      | Found a runed translucent door.
  1443 | D:3      | Noticed Crazy Yiuf
  1453 | D:3      | Killed Crazy Yiuf
  1454 | D:3      | Reached XP level 4. HP: 27/48 MP: 4/4
  1601 | D:3      | Reached skill level 4 in Fighting
  1635 | D:3      | Noticed Robin
  1664 | D:3      | Killed Robin
  1825 | D:3      | Reached XP level 5. HP: 55/55 MP: 5/5
  1850 | D:3      | Found a runed translucent gate.
  1850 | D:3      | Identified the +3 spear of Bloody Death {protect, rC- Str+3
                  | Int+3}
  1850 | D:3      | Identified the +1 scale mail of Boredom {Str+2}
  1850 | D:3      | Noticed chipmonk's ghost (amateur MiBe)
  1891 | D:3      | Found a runed translucent gate.
  1891 | D:3      | Found a runed translucent gate.
  2195 | D:4      | Noticed an ogre
  2208 | D:4      | Killed an ogre
  2209 | D:4      | Reached skill level 5 in Fighting
  2209 | D:4      | Reached skill level 5 in Maces & Flails
  2403 | D:4      | Found an ornate altar of the Wu Jian Council.
  2415 | D:4      | Noticed Sigmund
  2416 | D:4      | Noticed Eustachio
  2420 | D:4      | Killed Sigmund
  2421 | D:4      | Reached XP level 6. HP: 60/66 MP: 6/6
  2484 | D:4      | Killed Eustachio
  2485 | D:4      | Reached skill level 6 in Fighting
  2485 | D:4      | Reached XP level 7. HP: 20/75 MP: 7/7
  2700 | D:4      | Noticed Ijyb
  2701 | D:4      | Killed Ijyb
  2802 | D:4      | You fall into a shaft and drop 2 floors!
  2876 | D:6      | Reached skill level 7 in Fighting
  2915 | D:5      | Entered Level 5 of the Dungeon
  2919 | D:5      | Noticed Grinder
  2923 | D:5      | Reached XP level 8. HP: 84/87 MP: 8/8
  2928 | D:5      | Killed Grinder
  3176 | D:4      | Reached skill level 8 in Fighting
  3448 | D:4      | Found a bloodstained altar of Trog.
  3449 | D:4      | Found a basalt altar of Yredelemnul.
  3687 | D:4      | Found a glowing silver altar of Zin.
  3865 | D:4      | Identified the +10 short sword of Terror {freeze, *Rage rC+
                  | rN++ MP+9}
  4034 | D:5      | Found a hide-covered altar of Uskayaw.
  4060 | D:5      | Found a sacrificial altar of Ru.
  4062 | D:5      | Found a hazy altar of Hepliaklqana.
  4062 | D:5      | Found a shimmering altar of Xom.
  4064 | D:5      | Found an ornate altar of the Wu Jian Council.
  4064 | D:5      | Found a sacrificial altar of Ru.
  4064 | D:5      | Found a shadowy altar of Dithmenos.
  4229 | D:5      | Found an ancient bone altar of Kikubaaqudgha.
  4277 | D:5      | Found a staircase to the Ecumenical Temple.
  4286 | Temple   | Entered the Ecumenical Temple
  4331 | D:5      | Reached XP level 9. HP: 97/97 MP: 9/9
  4486 | D:5      | Found a stormy altar of Qazlal.
  4576 | D:5      | Found an opulent altar of Gozag.
  4614 | D:5      | Reached skill level 9 in Fighting
  5068 | D:6      | Found a shimmering blue altar of Sif Muna.
  5097 | D:6      | Found a burning altar of Makhleb.
  5098 | D:6      | Found a radiant altar of Vehumet.
  5304 | D:6      | Reached skill level 10 in Fighting
  5304 | D:6      | Reached skill level 10 in Maces & Flails
  5615 | D:7      | Noticed a rime drake
  5615 | D:7      | Noticed a rime drake
  5616 | D:7      | Noticed a rime drake
  5665 | D:7      | Killed a rime drake
  5666 | D:7      | Reached XP level 10. HP: 102/111 MP: 10/10
  5669 | D:7      | Reached skill level 11 in Fighting
  5671 | D:7      | Found the +4 skin of Zhor {*Englaciate rC+++ SInv}
  5903 | D:7      | Noticed a two-headed ogre
  5914 | D:7      | Killed a two-headed ogre
  5923 | D:7      | Reached skill level 12 in Fighting
  6324 | D:8      | Found a staircase to the Lair.
  6347 | D:8      | Noticed Grum
  6419 | D:8      | Killed Grum
  6610 | D:8      | Noticed an ice statue
  6626 | D:8      | Killed an ice statue
  6627 | D:8      | Reached XP level 11. HP: 102/124 MP: 11/11
  6855 | D:8      | Found a transporter.
  6856 | D:8      | Noticed krgfvk's ghost (novice MiFi)
  6856 | D:8      | Identified the +7 dire flail "Roaluyf" {venom, rN++ rCorr
                  | Int-5}
  6856 | D:8      | Identified the +0 great mace of the Smoking Dragonfly
                  | {speed, Str+3 Dex+3}
  6856 | D:8      | Noticed a two-headed ogre
  6864 | D:8      | Found a transporter.
  6873 | D:8      | Killed a two-headed ogre
  6886 | D:8      | Killed krgfvk's ghost
  6887 | D:8      | Reached skill level 13 in Fighting
  7599 | D:9      | Noticed Erolcha
  7606 | D:9      | Killed Erolcha
  7635 | D:9      | Found a shadowy altar of Dithmenos.
  7752 | D:9      | Found a glowing golden altar of the Shining One.
  7758 | D:9      | Became a worshipper of the Shining One
  7819 | D:9      | Found a white marble altar of Elyvilon.
  7851 | D:9      | Found a hazy altar of Hepliaklqana.
  7900 | D:9      | Found a staircase to the Orcish Mines.
  7949 | D:9      | Reached skill level 1 in Invocations
  8401 | D:9      | Reached * piety under the Shining One
  8598 | D:9      | Found Gugugau's Gadget Gallery.
  8812 | D:10     | Entered Level 10 of the Dungeon
  8830 | D:10     | Reached skill level 14 in Fighting
  8830 | D:10     | Reached XP level 12. HP: 87/139 MP: 12/14
  9235 | D:10     | Noticed Harold
  9241 | D:10     | Killed Harold
  9868 | D:10     | Noticed Nergalle
  9875 | D:10     | Killed Nergalle
 10462 | D:11     | Noticed a two-headed ogre
 10467 | D:11     | Killed a two-headed ogre
 10575 | D:11     | Reached ** piety under the Shining One
 10603 | D:11     | Found Heon Faili's Distillery.
 10716 | D:11     | Reached skill level 5 in Invocations
 11318 | D:12     | Reached skill level 15 in Fighting
 11318 | D:12     | Reached skill level 15 in Maces & Flails
 11886 | D:12     | Reached *** piety under the Shining One
 11897 | D:12     | Reached XP level 13. HP: 129/150 MP: 17/17
 12079 | D:12     | Noticed Snorg
 12085 | D:12     | Killed Snorg
 12786 | D:13     | Found a gate leading to a gauntlet.
 12806 | Gauntlet | Entered a Gauntlet
 12806 | Gauntlet | Found a transporter.
 12806 | Gauntlet | Found a transporter.
 13092 | Gauntlet | Found a transporter.
 13096 | Gauntlet | Found a transporter.
 13103 | Gauntlet | Reached **** piety under the Shining One
 13105 | Gauntlet | Found a transporter.
 13108 | Gauntlet | Found a transporter.
 13119 | Gauntlet | Found a transporter.
 13133 | Gauntlet | Found a transporter.
 13143 | Gauntlet | Noticed a quicksilver ooze
 13147 | Gauntlet | Found a transporter.
 13151 | Gauntlet | Found a transporter.
 13159 | Gauntlet | Found a transporter.
 13163 | Gauntlet | Found a transporter.
 13238 | Gauntlet | Reached skill level 16 in Fighting
 13247 | Gauntlet | Identified the ring "Veawkoh" {rF++ MP+9 Dex+4}
 13296 | Gauntlet | Found a runed translucent door.
 13347 | Gauntlet | Identified the ring "Ovujist" {rF++ rN+ EV+5}
 13367 | Gauntlet | Killed a quicksilver ooze
 13556 | Gauntlet | Noticed a minotaur
 13568 | Gauntlet | Killed a minotaur
 14693 | D:13     | Found a gate to the Vaults.
 14693 | D:13     | Noticed an ironbound preserver
 14717 | D:13     | Killed an ironbound preserver
 14718 | D:13     | Reached XP level 14. HP: 11/163 MP: 8/20
 15291 | D:14     | Found a frozen archway.
 15291 | D:14     | Reached ***** piety under the Shining One
 15333 | D:14     | Reached skill level 17 in Fighting
 15590 | IceCv    | Entered an ice cave
 15686 | IceCv    | Noticed a white draconian
 15690 | IceCv    | Killed a white draconian
 15690 | IceCv    | Noticed a white draconian
 15699 | IceCv    | Killed a white draconian
 15990 | IceCv    | Noticed a white draconian
 16002 | IceCv    | Killed a white draconian
 16253 | IceCv    | Noticed a white draconian knight
 16253 | IceCv    | Noticed a white draconian
 16264 | IceCv    | Noticed a white draconian
 16287 | IceCv    | Killed a white draconian knight
 16295 | IceCv    | Killed a white draconian
 16301 | IceCv    | Killed a white draconian
 16639 | IceCv    | Identified the amulet "Bemeba Onou" {Spirit Rampage}
 16650 | IceCv    | Identified the ring of Birdsong {*Corrode MP+9 Str+5 Int+2
                  | Dex+6}
 17025 | Lair:1   | Entered Level 1 of the Lair of Beasts
 17055 | Lair:1   | Reached skill level 10 in Invocations
 17145 | Lair:1   | Noticed Maggie
 17155 | Lair:1   | Killed Maggie
 17839 | Lair:2   | Found a broken altar of Ashenzari.
 18703 | Lair:3   | Found a staircase to the Swamp.
 18710 | Lair:3   | Reached skill level 18 in Fighting
 18710 | Lair:3   | Reached XP level 15. HP: 158/176 MP: 22/22
 19070 | Lair:3   | Found a staircase to the Snake Pit.
 19870 | Lair:4   | Noticed Josephine
 19876 | Lair:4   | Killed Josephine
 20585 | Lair:5   | Entered Level 5 of the Lair of Beasts
 21196 | Lair:5   | Found a staircase to the Slime Pits.
 21577 | Lair:5   | Noticed Kirke
 21584 | Lair:5   | Killed Kirke
 21592 | Lair:5   | Reached skill level 19 in Fighting
 21884 | Lair:5   | Reached XP level 16. HP: 189/189 MP: 24/24
 21954 | Lair:5   | Reached skill level 5 in Throwing
 22380 | Orc:1    | Entered Level 1 of the Orcish Mines
 22384 | Orc:1    | Found a shimmering altar of Xom.
 22553 | Orc:1    | Found Eboago's Distillery.
 22564 | Orc:1    | Reached ****** piety under the Shining One
 22586 | Orc:1    | Identified a +2 giant spiked club of holy wrath (a +0 giant
                  | spiked club blessed by the Shining One)
 22586 | Orc:1    | Received a gift from the Shining One
 22822 | Orc:2    | Entered Level 2 of the Orcish Mines
 23176 | Orc:2    | Found Qip Zops's General Store.
 23176 | Orc:2    | Found Oreirhor's General Store.
 23398 | Orc:2    | Found a staircase to the Elven Halls.
 24178 | Orc:2    | Found Nafueclu's Antique Weapon Shop.
 24178 | Orc:2    | Found Malurphe's Book Boutique.
 24178 | Orc:2    | Found a one-way gate leading to the halls of Pandemonium.
 24193 | Orc:2    | Bought Maxwell's Memoranda for 532 gold pieces
 24196 | Orc:2    | Learned a level 2 spell: Blink
 24199 | Orc:2    | Learned a level 2 spell: Lesser Beckoning
 24203 | Orc:2    | Learned a level 3 spell: Vhi's Electric Charge
 24207 | Orc:2    | Learned a level 3 spell: Swiftness
 24212 | Orc:2    | Learned a level 4 spell: Passage of Golubria
 24368 | Swamp:1  | Entered Level 1 of the Swamp
 24695 | Swamp:1  | Noticed Nikola
 24711 | Swamp:1  | Killed Nikola
 25422 | Swamp:2  | Identified the +0 leather armour of Caagy {+Inv Will+ Str+4
                  | Int+5}
 26094 | Swamp:3  | Noticed a fenstrider witch
 26112 | Swamp:3  | Reached skill level 20 in Fighting
 26201 | Swamp:3  | Reached XP level 17. HP: 201/201 MP: 26/26
 27243 | Swamp:4  | Entered Level 4 of the Swamp
 28412 | Swamp:4  | Reached skill level 1 in Spellcasting
 28541 | Swamp:4  | Got a decaying rune of Zot
 28595 | Swamp:4  | Reached skill level 1 in Translocations
 28595 | Swamp:4  | Reached skill level 1 in Air Magic
 28969 | Snake:1  | Entered Level 1 of the Snake Pit
 29999 | Snake:1  | Noticed Rupert
 30021 | Snake:1  | Killed Rupert
 30298 | Snake:1  | Reached XP level 18. HP: 90/213 MP: 11/28
 31618 | Snake:2  | Reached skill level 21 in Fighting
 32113 | Snake:2  | Found Ibryubyu's Overcharged Wands.
 32188 | Snake:2  | Noticed Aizul
 32211 | Snake:2  | Killed Aizul
 33607 | Snake:3  | Reached skill level 5 in Spellcasting
 33943 | Snake:3  | Reached skill level 5 in Translocations
 34123 | Snake:3  | Identified the +6 flail "Song" {venom, rPois Will+++ Str+3
                  | Int-3 Dex+3}
 34227 | Snake:3  | Identified the +9 sling "Suegum" {freeze, rElec Dex+4}
 35196 | Snake:4  | Entered Level 4 of the Snake Pit
 35228 | Snake:4  | Reached skill level 15 in Invocations
 35466 | Snake:4  | Reached XP level 19. HP: 220/224 MP: 20/30
 35472 | Snake:4  | Learned a level 3 spell: Portal Projectile
 35547 | Snake:4  | Found Ydur's Jewellery Boutique.
 35548 | Snake:4  | Found Neupi's Book Shoppe.
 35549 | Snake:4  | Found Fopa's Jewellery Boutique.
 37896 | Snake:4  | Got a serpentine rune of Zot
 38377 | D:14     | Identified the +1 ring mail of Melancholy {rElec rC- Dex+3}
 38484 | D:14     | Identified the +0 war axe "Pocre" {flame, Contam Will+
                  | Dex+4}
 38533 | D:14     | Identified the +7 spear "Xubuit" {flame, rF+ Int+2}
 39150 | D:15     | Entered Level 15 of the Dungeon
 39330 | D:15     | Found a runed translucent door.
 39330 | D:15     | Found a shimmering altar of Xom.
 39330 | D:15     | Noticed Ziketel's ghost (journeyman TrMo)
 39330 | D:15     | Identified the +7 quick blade "Agitwu" {chaos, rElec}
 39344 | D:15     | Killed Ziketel's ghost
 39473 | D:15     | Reached skill level 22 in Fighting
 39653 | D:15     | Found Afaun's Jewellery Boutique.
 39775 | D:15     | Found a runed translucent door.
 40057 | D:15     | Found an opulent altar of Gozag.
 40057 | D:15     | Noticed Azrael
 40063 | D:15     | Killed Azrael
 40506 | D:15     | Found a staircase to the Depths.
 40692 | D:15     | Found Goemetus's Magic Scroll Shop.
 40702 | D:15     | Bought a scroll of magic mapping for 97 gold pieces
 40702 | D:15     | Bought a scroll of blinking for 97 gold pieces
 40702 | D:15     | Bought a scroll of blinking for 97 gold pieces
 40758 | Depths:1 | Entered Level 1 of the Depths
 40778 | Depths:1 | Reached skill level 5 in Air Magic
 40894 | Depths:1 | Found a one-way gateway to a ziggurat.
 41085 | Depths:1 | Found a runed translucent door.
 41497 | Depths:1 | Found a one-way gate to the infinite horrors of the Abyss.
 41530 | Depths:1 | Found a gateway to Hell.
 41542 | Depths:1 | Reached skill level 1 in Hexes
 42011 | Depths:1 | Reached XP level 20. HP: 53/236 MP: 5/31
 42372 | Depths:1 | Got the Elucidation of Remoulded Phantasms
 43617 | Depths:2 | Noticed the Enchantress
 43658 | Depths:1 | Killed the Enchantress
 47405 | Depths:2 | Reached skill level 10 in Translocations
 47554 | Depths:3 | Reached skill level 10 in Throwing
 47622 | Depths:3 | Found a shadowy altar of Dithmenos.
 48206 | Depths:3 | Noticed Frederick
 48231 | Depths:3 | Killed Frederick
 48513 | Depths:3 | Reached XP level 21. HP: 204/248 MP: 26/33
 48557 | Depths:3 | Reached skill level 23 in Fighting
 48975 | Depths:3 | Noticed a juggernaut
 49375 | Depths:3 | Found a runed translucent door.
 49375 | Depths:3 | Found a runed translucent door.
 49535 | Depths:3 | Found a runed translucent door.
 50016 | Vaults:1 | Entered Level 1 of the Vaults
 50169 | Vaults:1 | You fall into a shaft and drop 1 floor!
 50685 | Vaults:1 | Found a magical portal.
 50690 | WizLab   | Entered Cigotuvi's Fleshworks
 51473 | WizLab   | Identified the ring of the Heavens {*Slow rPois MP+9 Int+6
                  | Dex+6}
 51956 | WizLab   | Got Sif Muna's Textbook on Evolution
 51959 | WizLab   | Got the Catalogue of Teratogeny
 51967 | WizLab   | Got Cigotuvi's Spellbook of Rotting Variation
 52341 | Vaults:1 | Found Pessuen's Antique Weapon Shop.
 52760 | Vaults:1 | Found Taekir's Distillery.
 54450 | Vaults:2 | Reached skill level 24 in Fighting
 54450 | Vaults:2 | Reached XP level 22. HP: 262/262 MP: 30/34
 54706 | Vaults:2 | Noticed Donald
 54715 | Vaults:2 | Killed Donald
 54796 | Vaults:2 | Found a staircase to the Crypt.
 55625 | Crypt:1  | Entered Level 1 of the Crypt
 55761 | Crypt:1  | Noticed Zenata
 55771 | Crypt:1  | Killed Zenata
 56511 | Crypt:2  | Noticed a royal mummy
 56516 | Crypt:2  | Killed a royal mummy
 56517 | Crypt:2  | Reached skill level 15 in Throwing
 56605 | Crypt:2  | Noticed Xtahua
 56615 | Crypt:2  | Killed Xtahua
 56709 | Crypt:2  | Got the Codex of Horrible Portals
 56711 | Crypt:2  | Identified the +8 plate armour "Reapnoc" {Rampage +Inv MP+9
                  | Stlth-}
 56770 | Crypt:2  | Identified the +1 great sword of the Scorpion {drain, Drain
                  | rF+ rN+++ Stlth+}
 57315 | Crypt:2  | Noticed a royal mummy
 57317 | Crypt:2  | Noticed a royal mummy
 57317 | Crypt:2  | Found the +7 sceptre of Torment {pain, torment}
 57321 | Crypt:2  | Killed a royal mummy
 57324 | Crypt:2  | HP: 10/265 [royal mummy/divine providence (11)]
 57325 | Crypt:2  | HP: 3/265 [poisoned by an emperor scorpion]
 57737 | Crypt:2  | Killed a royal mummy
 57940 | Crypt:3  | Entered Level 3 of the Crypt
 57941 | Crypt:3  | Noticed Saint Roka
 57951 | Crypt:3  | Killed Saint Roka
 58312 | Crypt:3  | Noticed Khufu
 58321 | Crypt:3  | Noticed a royal mummy
 58325 | Crypt:3  | Killed Khufu
 58330 | Crypt:3  | Killed a royal mummy
 58331 | Crypt:3  | Reached skill level 25 in Fighting
 58390 | Crypt:3  | Noticed Bai Suzhen
 58409 | Crypt:3  | Killed Bai Suzhen
 58410 | Crypt:3  | Reached XP level 23. HP: 102/276 MP: 10/36
 58423 | Crypt:3  | Found a staircase to the Tomb.
 58753 | Crypt:3  | Got the Compendium of Articulation
 58793 | Crypt:3  | HP: 13/276 [phantasmal warrior[an ancient champion] (13)]
 59233 | Crypt:3  | Noticed a royal mummy
 59243 | Crypt:3  | Killed a royal mummy
 59322 | Crypt:3  | Identified the +3 eveningstar of Crusades {pain, rC+}
 60001 | Crypt:3  | Identified the ring of Ahiph {rElec rC- rN+ Slay+5}
 60001 | Crypt:3  | Identified the ring "Tauklodgh" {rN+ Will++ Str-5 Int+5}
 60001 | Crypt:3  | Identified the ring of Gejep {rN+ Dex+4}
 60184 | Crypt:3  | Identified the +10 trident of the Threshing Moth {elec,
                  | rPois rC+ rN++ Int-5}
 60185 | Crypt:3  | Identified the +7 lajatang of Quwker {freeze, Will+ Str+3}
 60187 | Crypt:3  | Identified the +1 leather armour of Zin's Hope {Int+4}
 60203 | Crypt:3  | Identified the ring of Jozinia {rPois Will+ rCorr Int-3}
 60208 | Crypt:3  | Identified the +0 glaive of Recklessness {elec, rC+ Int+5}
 60735 | Elf:1    | Entered Level 1 of the Elven Halls
 60976 | D:15     | Bought a scroll of brand weapon for 123 gold pieces
 61705 | Elf:1    | You fall into a shaft and drop 1 floor!
 61712 | Elf:2    | Reached skill level 1 in Armour
 61945 | Elf:2    | Found a runed translucent gate.
 61945 | Elf:2    | Found a runed translucent gate.
 61946 | Elf:2    | Found a runed translucent gate.
 63007 | Elf:1    | Found Iledd's Weapon Shoppe.
 63008 | Elf:1    | Found Roatzir's Weapon Boutique.
 63878 | Elf:2    | Found Wufry's Magic Scroll Shop.
 63882 | Elf:2    | Bought a scroll of blinking for 97 gold pieces
 63948 | Elf:2    | Reached skill level 5 in Dodging
 64189 | Elf:3    | Entered Level 3 of the Elven Halls
 64521 | Elf:3    | Noticed Louise
 64532 | Elf:3    | Killed Louise
 65347 | Abyss:2  | Found a corrupted altar of Lugonu.
 65347 | Abyss:2  | Cast into level 2 of the Abyss (a deep elf demonologist)
 65512 | Abyss:2  | Found a corrupted altar of Lugonu.
 65549 | Abyss:2  | Reached XP level 24. HP: 256/289 MP: 29/36
 65580 | Elf:3    | Escaped the Abyss
 66537 | Elf:3    | Reached skill level 26 in Fighting
 66714 | Elf:3    | Identified the ring of Farufu {Wiz rElec rC+}
 66724 | Elf:3    | Identified the +7 spear of Nyhaacs {protect, rElec rC++
                  | rCorr Int+3 Dex-4}
 66728 | Elf:3    | Got the Monograph on Striking
 66730 | Elf:3    | Identified the +1 quarterstaff "Goblinslayer" {vamp, Str+5}
 66733 | Elf:3    | Identified the +3 mace of Vausiwk {flame, rN+ Dex+2 SInv}
 66734 | Elf:3    | Identified the +1 flail "Undertaker" {chaos, rN+ Dex+2}
 66738 | Elf:3    | Identified the +6 halberd of Sef Idgh {heavy, Will+}
 66759 | Elf:3    | Found the ring of the Tortoise {AC+8}
 66795 | Elf:3    | Identified the ring of False Pretenses {*Slow rN+ Str+3
                  | Dex+4 Slay+4}
 67265 | D:15     | Bought an amulet of reflection for 480 gold pieces
 67398 | Vaults:3 | Noticed Mara
 67412 | Vaults:3 | Noticed Bnni's illusion
 67418 | Vaults:3 | Killed Mara
 68309 | Vaults:3 | Found Baxa's Book Boutique.
 68315 | Vaults:3 | Bought an Inescapable Atlas for 480 gold pieces
 68320 | Vaults:3 | Learned a level 4 spell: Manifold Assault
 68433 | Vaults:3 | Found Koyk's Antique Armour Boutique.
 68451 | Vaults:3 | Found Kemoeq's Antique Weapon Emporium.
 68814 | Vaults:3 | Found Hyutuumpeip's General Store.
 69185 | Vaults:4 | Reached skill level 5 in Armour
 69755 | Abyss:3  | Cast into level 3 of the Abyss (a wizard)
 69900 | Abyss:3  | Reached XP level 25. HP: 170/301 MP: 37/37
 69938 | Abyss:3  | Got an abyssal rune of Zot
 70218 | Vaults:4 | Escaped the Abyss
 71576 | Vaults:4 | Paralysed by a sphinx for 2 turns
 72279 | Slime:1  | Entered Level 1 of the Pits of Slime
 72639 | Slime:2  | Gained mutation: You possess an exceptional clarity of
                  | mind. [a shining eye]
 72640 | Slime:3  | Noticed Dissolution
 73258 | Slime:2  | Killed Dissolution
 73537 | Slime:5  | Entered Level 5 of the Pits of Slime
 73812 | Slime:5  | Gained mutation: You are vulnerable to cold. (rC-) [a
                  | shining eye]
 73858 | Slime:5  | Lost mutation: You possess an exceptional clarity of mind.
                  | [potion of mutation]
 73858 | Slime:5  | Lost mutation: You are vulnerable to cold. (rC-) [potion of
                  | mutation]
 73858 | Slime:5  | Gained mutation: Your flesh is heat resistant. (rF+)
                  | [potion of mutation]
 73858 | Slime:5  | Gained mutation: You have large cloven feet. [potion of
                  | mutation]
 74145 | Slime:5  | Noticed the Royal Jelly
 74348 | Slime:5  | Killed the Royal Jelly
 74776 | Slime:5  | Identified the ring "Beur" {+Blink rElec rC+ rN+ Str-5}
 74834 | Slime:5  | Got a slimy rune of Zot
 74855 | Slime:5  | Identified the +8 war axe of Seyriopo {venom, Contam rPois
                  | rF+}
 74864 | Slime:5  | Got Hermetics of the Luminary
 75932 | Slime:4  | Reached XP level 26. HP: 312/312 MP: 25/37
 76393 | Depths:4 | Entered Level 4 of the Depths
 76996 | Depths:3 | Identified the +7 chain mail "Sanolat" {rElec rF- Int+4}
 77251 | Depths:3 | Killed a juggernaut
 77756 | Depths:3 | Identified the ring of Nemelex Xobeh, Riding {MP+9 Str+3
                  | Dex+6}
 77921 | Depths:4 | Found a gate to the Realm of Zot.
 79513 | Depths:4 | Reached skill level 10 in Dodging
 79795 | Depths:4 | Found Saymen's Antique Armour Shoppe.
 80026 | Hell     | Entered the Vestibule of Hell
 80026 | Hell     | Noticed Geryon
 80194 | Hell     | Killed Geryon
 80222 | Hell     | Reached skill level 10 in Armour
 80230 | Hell     | Reached XP level 27. HP: 300/321 MP: 18/37
 80350 | Hell     | Found a gateway to the freezing wastes of Cocytus.
 80497 | Hell     | Found a gateway to the Iron City of Dis.
 80528 | Hell     | Found a gateway to the ashen valley of Gehenna.
 80594 | Hell     | Found a gateway to the decaying netherworld of Tartarus.
 81040 | D:3      | Killed chipmonk's ghost
 81859 | Vaults:4 | Learned a level 2 spell: Wereblood
 81872 | Vaults:5 | Entered Level 5 of the Vaults
 81884 | Vaults:5 | Noticed an ancient lich
 82151 | Vaults:4 | Reached skill level 15 in Translocations
 82445 | Vaults:5 | Noticed a dread lich
 82549 | Vaults:5 | Paralysed by a sphinx for 3 turns
 82551 | Vaults:5 | Noticed a dread lich
 82558 | Vaults:4 | Killed a dread lich
 82559 | Vaults:4 | Reached skill level 1 in Transmutations
 82824 | Vaults:4 | Killed a dread lich
 83025 | Vaults:5 | Noticed a dread lich
 83029 | Vaults:5 | Killed a dread lich
 83314 | Vaults:5 | Identified the +9 plate armour "Uxeon" {Rampage}
 83315 | Vaults:5 | Noticed an ancient lich
 83320 | Vaults:5 | Killed an ancient lich
 83335 | Vaults:5 | Noticed an ancient lich
 83339 | Vaults:5 | Killed an ancient lich
 83420 | Vaults:5 | Killed an ancient lich
 84055 | Vaults:5 | Gained mutation: Armour fits poorly on your strangely
                  | shaped body. [a shining eye]
 84297 | Vaults:5 | Identified the +1 bardiche "Odasoynn" {antimagic, +Blink}
 84318 | Vaults:5 | Noticed an ancient lich
 84329 | Vaults:5 | Killed an ancient lich
 84422 | Vaults:5 | Identified the amulet "Peurphaz" {Spirit *Slow rCorr Str+3
                  | Int+3}
 84602 | Vaults:5 | Identified the +5 trident of Putrescence {protect, Str+3
                  | Int+4}
 84604 | Vaults:5 | Got a silver rune of Zot
 84647 | Vaults:5 | Got the Compendium of Bones and the Hornet
 85128 | Tar:1    | Entered Level 1 of Tartarus
 85550 | Tar:3    | Identified the +6 tower shield of the Dragon {Int-5 Dex+4}
 86397 | Tar:4    | Reached skill level 5 in Transmutations
 86446 | Tar:4    | Reached skill level 15 in Armour
 88059 | Tar:6    | HP: 12/321 [bone dragon[a doom hound] (13)]
 88523 | Tar:7    | Entered Level 7 of Tartarus
 88945 | Tar:7    | Identified the +1 dagger of Sulphur {vamp, Will+ Dex+4}
 88949 | Tar:7    | Identified the +1 chain mail "Tutiuda" {+Inv Fly Str-5
                  | Int+2}
 88985 | Tar:7    | Noticed the Serpent of Hell
 88997 | Tar:7    | Killed the Serpent of Hell
 90055 | Tar:7    | Identified the +0 barding "Qaetun" {Slay+3}
 90472 | Tar:7    | Noticed Ereshkigal
 90479 | Tar:7    | Killed Ereshkigal
 90486 | Tar:7    | Found the +8 demon trident "Rift" {distort, reach+}
 90505 | Tar:7    | Got a bone rune of Zot
 90508 | Tar:7    | Identified the +2 glaive of Flawed Execution {antimagic,
                  | rF++ Will+ Str-4}
 91807 | Coc:1    | Entered Level 1 of Cocytus
 91815 | Coc:1    | HP: 14/321 [hellion/damnation (32)]
 92415 | Coc:2    | Gained mutation: You are frail. (-10% HP) [mutagenic glow]
 92593 | Coc:3    | HP: 10/288 [elemental wellspring/torrent of water (16)]
 92593 | Coc:3    | HP: 1/288 [Ice Fiend collision (9)]
 92593 | Coc:3    | Slain by a quicksilver dragon simulacrum

Illustrated notes

Levels and vault maps discovered:
D:1:      lightli_arrival_noodles, layout_basic, grunt_decor_cap, minivault_23
D:2:      layout_loops_ring
D:3:      layout_basic, biasface_ghost_orc_armoury, minmay_misc_feat_columns,
          uniq_robin, uniq_crazy_yiuf_cottage
D:4:      layout_loops_corners, lemuel_crystal_altar,
          nicolae_wu_jian_glorious_leap, jmf_multi_god_temple, uniq_sigmund,
          uniq_eustachio, uniq_ijyb
D:5:      layout_basic, doesnt_xom_only_xom, mainiacjoe_overflow_catwalk,
          lemuel_coloured_pillars_altar, kiku_gazebo_pond_becter,
          mainiacjoe_overflow_tiny_flanked, minmay_temple_entry_glass,
          hangedman_abyss_or_decor_stagger, uniq_grinder
D:6:      layout_loops_ring, grunt_temple_overflow_lords_of_destruction,
          nicolae_sif_muna_little_library
D:7:      layout_basic, hellmonk_guarded_unrand_zhor
D:8:      minmay_statue_hallways, layout_loops_corners, lair_entry_dummy,
          gammafunk_ghost_smash, minivault_27, minivault_24, uniq_grum
D:9:      layout_loops_ring, nicolae_tso_swordbearing_angel, old_standard_altar,
          mainiacjoe_overflow_cross_hatched,
          nicolae_hepliaklqana_monster_ancestors,
          kennysheep_orc_monster_closet_entryway, minmay_crystal_room,
          nicolae_shop_gadgets, uniq_erolcha
D:10:     layout_basic, kennysheep_generic_room_12, uniq_harold, uniq_nergalle
D:11:     layout_irregular_city, serial_shops, shop, kennysheep_boxes
D:12:     layout_roguey, uniq_snorg
D:13:     layout_basic, skrybe_vaults_entry_preservation, gauntlet_entry_generic
D:14:     kennysheep_tiny_hell, layout_irregular_city,
          portal_ice_cave_entry_ugly_swarm, serial_column_ruins,
          column_ruins_circle_small, column_ruins_hut, column_ruins_open_large,
          column_ruins_grid_1, column_ruins_columns_T, column_ruins_open_small
D:15:     hangedman_depths_entry_try_elsewhere_first, layout_stronghold,
          ebering_ghost_xom, nicolae_gozag_seed_capital, serial_shops,
          nicolae_lakefront_shop, serial_column_ruins, column_ruins_hut_ruined,
          column_ruins_open_tiny, column_ruins_corridor_dead_end,
          column_ruins_grid_1, column_ruins_open_tiny, column_ruins_open_small,
          column_ruins_open_medium, minmay_shop_enchanted_jewellery,
          wad_hexagon, uniq_azrael
Temple:   hellmonk_temple_micro_hex
Lair:1:   layout_gridlike, uniq_maggie
Lair:2:   layout_roguey, basic_altar
Lair:3:   layout_roguey, skrybe_swamp_entry_bodies, guppyfry_snake_entry_garden,
          lemuel_fruit_fields
Lair:4:   layout_concentric_octagons, uniq_josephine
Lair:5:   grunt_lair_end_beastmaster, layout_hall_layers,
          minmay_slime_entry_oklob_open, evilmike_ambush
          [evilmike_ambush_outer_corners, evilmike_ambush_inner_basic],
          uniq_kirke
Swamp:1:  layout_basic_swamp, evilmike_swamp_ruin_rubble_1, uniq_nikola
Swamp:2:  layout_falls_marsh, serial_swamp_ruin, evilmike_swamp_ruin_rubble_2,
          hangedman_swamp_ruin_wall, swamp_pool4, nicolae_swamp_some_circles
Swamp:3:  layout_basic_swamp, hangedman_swamp_lotus, swamp_pool5
Swamp:4:  swamp_fiery, layout_basic_swamp, nicolae_swamp_little_swirl
Snake:1:  layout_layer_cave, nicolae_snake_mages_go_home, uniq_rupert
Snake:2:  layout_onion_interference, nicolae_shop_overcharged_wands,
          nicolae_triple_integral, uniq_aizul
Snake:3:  layout_chambers
Snake:4:  snake_pit, layout_layer_cave, grunt_megastairs_5, minmay_shop_grove
Slime:1:  layout_caves
Slime:2:  cheibrodos_slime_lost_civilization_8, layout_caves
Slime:3:  layout_caves, dissolution_awaits
Slime:4:  layout_caves
Slime:5
Orc:1:    layout_caves, basic_altar, serial_shops, shop,
          hellmonk_bongcloud_opening
Orc:2:    pf_orc_diabolical, layout_caves
Elf:1:    eino_elf_arrival_customs, layout_onion_city, hangedman_elf_represent,
          nicolae_wooded_promenade
Elf:2:    nicolae_elf_blades_crystal_corner, layout_geoelf_octagon,
          serial_shops, shop, small_chamber_with_monster
Elf:3:    minmay_elf_hall_four_x, layout_geoelf_castle, uniq_louise
Vaults:1: mu_enter_wizlab_1, nicolae_vaults_circle_grid_a, st_octagons_2,
          ontoclasm_vaults_idyll, ontoclasm_vaults_eye, vaults_room_fours,
          layout_vaults_omnigrid, serial_shops, shop_statue,
          nicolae_shop_crystal
Vaults:2: hangedman_vaults_hat, vaults_dpeg_ring,
          hangedman_vaults_stretched_pinwheel, vaults_mumra_hexcomb,
          nicolae_vaults_little_squares_4, nicolae_vaults_network_periphery,
          v_misc_1, hangedman_vaults_stretched_pinwheel, v_rooms_1,
          v_alt_pattern_5, minmay_crypt_entry_simple_sparse,
          ontoclasm_vaults_fault, layout_vaults_maze_snakey, uniq_donald
Vaults:3: hangedman_vaults_hard_town_square, nicolae_vaults_circle_grid_a,
          grunt_vaults_focal, v_alt_pattern_6, vaults_mumra_minichess_inversion,
          grunt_vaults_diagonal, v_misc_16, nicolae_vaults_network_barrier,
          grunt_vaults_hallway_short, v_misc_11, vaults_standard_mumra_x,
          hangedman_vaults_trim, vaults_dpeg_diagonal, layout_vaults_ring,
          serial_shops, nicolae_shop_hallway_plus, shop_fountains,
          nicolae_shop_statue_plus, nicolae_shop_competitors_out_of_business,
          uniq_mara
Vaults:4: nicolae_vaults_hallways_thing, v_pattern_1,
          nicolae_vaults_windows_and_doors_thing, ontoclasm_vaults_spin,
          vaults_room_stairs_pillars, nicolae_vaults_little_squares_1,
          ontoclasm_vaults_tryst, nicolae_vaults_mini_display_case,
          vaults_mumra_chevron, nicolae_vaults_border_crossing,
          hangedman_vaults_trim, ontoclasm_vaults_gateway,
          nicolae_vaults_angled_halls, layout_vaults_omnibox
Vaults:5
Crypt:1:  layout_chaotic_city, grunt_crypt_arrival_guarded_gate,
          lemuel_upstairs_altar, uniq_zenata
Crypt:2:  minmay_guarded_unrand_sceptre_of_torment, layout_chaotic_city,
          st_shrine_of_skulls, uniq_xtahua
Crypt:3:  due_elkab, layout_chaotic_city, nicolae_tomb_entry_grand_gallery,
          uniq_saint_roka, uniq_margery, uniq_khufu, uniq_bai_suzhen
Depths:1: layout_cave_shapes, enter_ziggurat_b, grunt_pan_entry_zigzag,
          abyss_entry_small_statue_room, minmay_misc_feat_roman,
          pf_dread_powers_of_hell, roderic_malta_cross,
          statue_in_the_mist_lemuel, lightli_giant_bouncers
Depths:2: minmay_sliced_demisemicircle, layout_basic, kennysheep_path_1,
          rand_demon_pan_entry_9, hell_entry, abyss_entry_crystal,
          uniq_enchantress
Depths:3: minmay_the_grid_triangle_9x9_recursive_3_mashed
          [minmay_the_grid_triangle_9x9_sprig,
          minmay_the_grid_triangle_9x9_limited_checkers,
          minmay_the_grid_triangle_9x9_descending_squares,
          minmay_the_grid_triangle_9x9_prize_top_heavy,
          minmay_the_grid_triangle_9x9_negative_grid,
          minmay_the_grid_triangle_9x9_cache,
          minmay_the_grid_triangle_9x9_longest,
          minmay_the_grid_triangle_9x9_fully_insulated_deathbox,
          minmay_the_grid_triangle_9x9_zippers_horizontal],
          layout_twisted_cross, basic_altar, grunt_mini_vestibule, abyss_entry,
          chequers_hall_statues_y, drop_trap, infiniplex_staircase_pool_2,
          uniq_frederick
Depths:4: grunt_crosshair, layout_gridlike, minmay_misc_feat_pillars,
          serial_shops, shop, rand_demon_pan_entry_7, hell_entry, nicolae_titane
Hell
Coc:1:    nicolae_coc_caina, layout_cocytus_delve
Coc:2:    layout_cocytus_water_paths
Coc:3:    layout_cocytus_water_paths
Tar:1:    layout_grid_maze
Tar:2:    layout_cathedral_of_symmetry
Tar:3:    layout_grid_maze
Tar:4:    layout_catacombs
Tar:5:    layout_honeycomb
Tar:6:    layout_grid_maze
Tar:7:    tar_minmay_river

Skill      XL: |  1  2  3  4  5  6  7  8  9 10 11 12 13 14 15 16 17 18 19 20 21 22 23 24 25 26 27 |
---------------+----------------------------------------------------------------------------------+-----
Fighting       | 3 4 5 6 7 8 10 12 14 15 16 18 19 20 21 22 24 25 26 | 26.9
Maces & Flails | 3 4 5 6 7 8 10 12 14 15 16 18 19 20 21 22 | 22.0
Dodging        | 4 5 7 8 10 | 10.0
Invocations    | 2 6 8 10 11 13 14 15 16 17 18 19 20 21 25 | 25.3
Throwing       | 4 6 7 10 13 16 17 18 20 | 20.0
Spellcasting   | 3 5 |  5.0
Translocations | 2 6 8 10 11 12 14 15 | 15.0
Air Magic      | 2 3 5 6 |  6.0
Hexes          | 2 3 |  3.0
Armour         | 3 5 7 10 18 | 18.2
Transmutations | 8 |  8.0

Action                     |  1- 3 |  4- 6 |  7- 9 | 10-12 | 13-15 | 16-18 | 19-21 | 22-24 | 25-27 || total
---------------------------+-------+-------+-------+-------+-------+-------+-------+-------+-------++-------
  Melee: Flail             |    66 |       |       |       |       |       |       |       |       ||    66
         Quarterstaff      |       |    74 |       |       |       |       |       |       |       ||    74
         Giant club        |       |    52 |   198 |   107 |       |       |       |       |       ||   357
         Giant spiked club |       |       |       |    36 |       |    35 |    92 |   562 |  1144 ||  1869
         Dire flail        |       |       |       |   344 |   104 |       |       |       |       ||   448
         Great mace        |       |       |       |       |   929 |  1473 |  1629 |   960 |  1094 ||  6085
         Kick              |       |       |       |       |       |       |       |       |   568 ||   568
  Throw: Throwing net      |     2 |     3 |       |       |     7 |     4 |     1 |       |     1 ||    18
         Javelin           |       |     8 |     1 |       |     1 |     6 |     1 |       |       ||    17
         Dart              |       |     2 |     1 |     2 |     3 |       |     2 |     1 |       ||    11
         Large rock        |       |     3 |     2 |       |     5 |    14 |     7 |     9 |   208 ||   248
   Cast: Lesser Beckoning  |       |       |       |       |       |     5 |     3 |     4 |    26 ||    38
         Vhi's Electric Ch |       |       |       |       |       |       |   160 |   194 |   118 ||   472
         Blink             |       |       |       |       |       |       |     6 |       |     5 ||    11
         Passage of Golubr |       |       |       |       |       |       |     2 |     3 |     1 ||     6
         Portal Projectile |       |       |       |       |       |       |     1 |       |     3 ||     4
         Manifold Assault  |       |       |       |       |       |       |       |    29 |   289 ||   318
         Swiftness         |       |       |       |       |       |       |       |       |     2 ||     2
 Invoke: Divine Shield     |       |       |       |       |     4 |     4 |    10 |     7 |    27 ||    52
         Cleansing Flame   |       |       |       |       |     3 |       |     2 |     3 |    32 ||    40
         Summon Divine War |       |       |       |       |     1 |     3 |     4 |     4 |    30 ||    42
         Brand Weapon With |       |       |       |       |       |     1 |       |       |       ||     1
  Evoke: Wand              |       |       |     1 |       |       |     1 |     4 |       |     1 ||     7
    Use: Scroll            |       |       |     7 |    10 |    15 |     8 |    14 |     6 |    17 ||    77
         Potion            |       |       |     3 |     2 |     4 |     2 |     5 |    12 |     9 ||    37
   Stab: Sleeping          |     2 |     3 |     4 |     3 |       |       |       |       |       ||    12
         Invisible         |       |       |     2 |       |       |       |       |       |       ||     2
 Armour: Robe              |    26 |    70 |    69 |       |       |       |       |       |       ||   165
         Steam dragon scal |       |       |     1 |     1 |       |       |       |       |       ||     2
         Animal skin       |       |       |       |   129 |   202 |   217 |   232 |   150 |       ||   930
         Acid dragon scale |       |       |       |       |       |       |       |   117 |   216 ||   333
         Gold dragon scale |       |       |       |       |       |       |       |       |   840 ||   840
  Dodge: Dodged            |    41 |    97 |    92 |   189 |   430 |   487 |   611 |   526 |   448 ||  2921
  Block: Other             |       |       |       |       |    24 |    50 |    69 |   165 |   512 ||   820
         Reflection        |       |       |       |       |       |       |       |     5 |    12 ||    17

Table legend: (Time is in decaauts)
 A = Elapsed time spent in this place.
 B = Non-inter-level travel time spent in this place.
 C = Inter-level travel time spent in this place.
 D = Time resting spent in this place.
 E = Time spent auto-exploring this place.
 F = Levels seen in this place.
 G = Mean time per level.
                   A        B        C        D        E       F      G
               +--------+--------+--------+--------+--------+-----+--------+
         Total |  89083 |  82333 |   6750 |  22002 |  45417 |  67 | 1329.6 |
       Dungeon |  19486 |  16434 |   3052 |   1609 |  11933 |  15 | 1299.1 |
        Temple |      1 |      1 |      0 |      0 |      0 |   1 |    1.0 |
          Lair |   5298 |   4800 |    498 |    344 |   3715 |   5 | 1059.6 |
         Swamp |   4314 |   4156 |    158 |    917 |   2432 |   4 | 1078.5 |
     Snake Pit |   8633 |   8381 |    252 |   2411 |   4895 |   4 | 2158.2 |
    Slime Pits |   3549 |   3375 |    174 |   1979 |    473 |   5 |  709.8 |
  Orcish Mines |   1842 |   1680 |    162 |    341 |   1052 |   2 |  921.0 |
   Elven Halls |   5468 |   5087 |    381 |   1444 |   2706 |   3 | 1822.7 |
        Vaults |  10947 |  10078 |    869 |   2009 |   6520 |   5 | 2189.4 |
         Crypt |   4798 |   4583 |    215 |   1045 |   2514 |   3 | 1599.3 |
        Depths |  12865 |  12292 |    573 |   5924 |   4785 |   4 | 3216.2 |
          Hell |    983 |    869 |    114 |    343 |    326 |   1 |  983.0 |
       Cocytus |    774 |    765 |      9 |    503 |    123 |   3 |  258.0 |
      Tartarus |   6278 |   5988 |    290 |   1125 |   3518 |   7 |  896.9 |
         Abyss |    641 |    641 |      0 |    179 |      0 |   2 |  320.5 |
      Ice Cave |   1117 |   1117 |      0 |    638 |    137 |   1 | 1117.0 |
        Wizlab |   1313 |   1313 |      0 |    690 |    185 |   1 | 1313.0 |
      Gauntlet |    768 |    768 |      0 |    498 |    103 |   1 |  768.0 |
               +--------+--------+--------+--------+--------+-----+--------+

Top non-repeatable levels by time:
Depths:3: 4764 daAuts
Depths:1: 4482 daAuts
Vaults:4: 3472 daAuts
   Tar:7: 3232 daAuts
 Snake:4: 2578 daAuts
 Snake:1: 2526 daAuts
 Crypt:3: 2431 daAuts
   Elf:3: 2429 daAuts
    D:13: 2372 daAuts
Depths:2: 2312 daAuts
Vaults:1: 2300 daAuts
 Snake:3: 2089 daAuts
Vaults:2: 1920 daAuts
    D:15: 1853 daAuts
    D:12: 1782 daAuts
